 Dungeon Crawl Stone Soup version 0.22.1-1-ga44c0e5 (webtiles) character file.

98218 HoaS the Warrior (level 16, -2/77 HPs)
             Began as a Gargoyle Berserker on Oct 20, 2018.
             Was the Champion of Trog.
             Killed from afar by a starcursed mass (5 damage)
             ... with an accursed screaming
             ... on level 3 of the Abyss on Oct 21, 2018.
             The game lasted 01:50:11 (23099 turns).

HoaS the Warrior (Gargoyle Berserker)              Turns: 23099, Time: 01:50:11

Health: -2/77      AC: 37    Str: 24 (25) XL:     16   Next: 21%
Magic:  11/11      EV:  5    Int:  5 (7)  God:    Trog [******]
Gold:   366        SH:  3    Dex:  7      Spells: 15/15 levels left

rFire    + . .     SeeInvis .     - Unarmed
rCold    . . .     Gourm    .   (no shield)
rNeg     + . .     Faith    .   C - +0 crystal plate armour
rPois    ∞         Spirit   .   h - +2 helmet
rElec    +         Reflect  +   y - scarf {repulsion}
rCorr    .         Harm     .   j - +2 pair of gloves
MR       +....     Rnd*Rage +   t - +2 pair of boots Stlth ..........Rnd*Tele +
                                f - +3 amulet of reflection
HPRegen  0.22/turn              v - ring of protection from fire
MPRegen  0.12/turn              (no ring)

@: berserk cooldown, flying, slowed, repel missiles, very slow
A: big wings, [berserk 2], [clumsy 1], [deformed body], [deterioration 1], dopey
1, [frail 3], [low mp 3], negative energy resistance 1, [screaming 3],
electricity resistance, [teleportitis 1], weak 1, unbreathing, petrification
resistance, [no potion heal 3], rot immunity, [subdued magic 3], AC +12
a: Stop Flying, Berserk, Trog's Hand, Brothers in Arms, Renounce Religion


You were on level 3 of the Abyss.
You worshipped Trog.
Trog was exalted by your worship.
You were not hungry.

You visited 3 branches of the dungeon, and saw 22 of its levels.
You visited the Abyss 1 time.
You also visited: Ossuary and Bailey.

You collected 3220 gold pieces.
You spent 2854 gold pieces at shops.

Inventory:

Hand Weapons
 a - a +6 longbow
 p - the +8 quarterstaff "Diatuoc" {venom, rC+ Str-4 Dex+3, unknown}
   (Trog gifted it to you on level 3 of the Abyss)

   It poisons the flesh of those it strikes.
   It affects your strength (-4).
   It affects your dexterity (+3).
   It protects you from cold.
Missiles
 q - 327 arrows
Armour
 h - a +2 helmet (worn)
 j - a +2 pair of gloves (worn)
 t - a +2 pair of boots (worn)
 y - a scarf of repulsion (worn)
 C - a +0 crystal plate armour (worn)
Jewellery
 f - a +3 amulet of reflection (around neck)
 v - a ring of protection from fire (left hand)
 M - an uncursed ring of fire
Wands
 g - a wand of disintegration (12)
 F - a wand of digging (31)
 G - a wand of acid (23)
 H - a wand of paralysis (25)
 I - a wand of random effects (17)
 K - a wand of clouds (14)
 L - a wand of enslavement (24)
 P - a wand of scattershot (5)
Scrolls
 c - 9 scrolls of teleportation
 d - 9 scrolls of remove curse
 i - a scroll of holy word
 r - 6 scrolls of fog
 u - 2 scrolls of fear
 A - 3 scrolls of identify
 J - 4 scrolls of summoning
 O - 2 scrolls of magic mapping
Potions
 e - 4 potions of heal wounds
 k - 9 potions of curing
 l - 5 potions of haste
 m - 3 potions of resistance
 n - 4 potions of mutation
 o - 3 potions of berserk rage
 s - a potion of ambrosia
 w - 4 potions of invisibility
 x - a potion of cancellation
 z - 5 potions of agility
 B - a potion of might
 D - 5 potions of lignification
 E - 4 potions of flight
Comestibles
 b - 37 rations


   Skills:
 * Level 16.1 Fighting
 * Level 13.3 Bows
 + Level 12.7 Armour
 - Level 1.5 Dodging
 * Level 15.9 Unarmed Combat


You had 15 spell levels left.
You didn't know any spells.
Your spell library was empty.

Dungeon Overview and Level Annotations

Branches:
Dungeon (14/15)            Temple (0/1) D:6            Lair (6/6) D:11
  Swamp (0/4) Lair:3        Snake (0/4) Lair:4        Slime (0/5) Lair:5
    Orc (2/2) D:12            Elf (0/3) Orc:2        Vaults (0/5) D:13

Altars:
Trog
Uskayaw
Wu Jian
Xom

Shops:
D:4 [   D:11 ?   Orc:2 =*([

Annotations:
D:14 Louise


Innate Abilities, Weirdness & Mutations

You are resistant to torment.
Your stone body is resilient. (AC +12)
You are immune to poison.
Your large and strong wings let you fly indefinitely.
You resist negative energy. (rN+)
You are resistant to electric shocks. (rElec)
You can survive without breathing.
You are immune to petrification.
You are immune to rotting.
You are dopey. (Int -2)
You are weak. (Str -2)
[You often lose your temper in combat.]
[You are clumsy. (Dex -2)]
[Armour fits poorly on your strangely shaped body.]
[Your body sometimes deteriorates upon taking damage.]
[You are extremely frail. (-30% HP)]
[Your magical capacity is extremely low. (-30% MP)]
[You frequently scream uncontrollably at your foes.]
[You are occasionally teleported next to monsters.]
[Potions cannot restore your health.]
[Your spells are much easier to cast, but much less powerful.]


Message History

You feel weaker.
The sixfirhy hits you but does no damage.
The starcursed mass engulfs you but does no damage.
You barely miss the neqoxec.
The neqoxec is moderately wounded.
The sixfirhy hits you but does no damage. x2
The sixfirhy barely misses you.
The small abomination closely misses you.
The neqoxec hits you but does no damage.
The sixfirhy hits you but does no damage.
The starcursed mass engulfs you but does no damage.
You eat one of the 38 rations.
That ration really hit the spot!
You block the sixfirhy's attack. x2
The small abomination hits you but does no damage.
The neqoxec gestures at you.
You feel dopey. Something feeds on your intellect!
The small abomination hits you but does no damage.
A chorus of shrieks assaults your mind.
You die...

.. ... # #
... . ...
..#.#?#.. .#
. ...#$... #
. #..(..####
. #
#...#.(.## #
#.#.#(.X. #
.≈
#.#..X#X###.[
≈ #..$#@3.##
. . ≈
..###3x### .
# #
......x*..#≈
# # #
#.#..###.#≈#
# #..# #..# #
#... ##.# .##
##


You could see 2 starcursed masses, a large abomination, a sixfirhy, a neqoxec, 2
small abominations and a lurking horror.

Vanquished Creatures
  An orc warlord (Orc:2)
  A very ugly thing (Abyss:3)
  Azrael (D:13)
  2 dire elephants (Lair:5)
  Fannar (D:10)
  4 hydras
  A rakshasa (Abyss:3)
  A vault guard (D:13)
  Erica (D:11)
  A merfolk avatar (Lair:6)
  2 two-headed ogres
  An anaconda (Lair:4)
  A tengu warrior (D:13)
  Urug (Lair:3)
  4 orc high priests
  Sonja (Lair:3)
  3 wretched stars (Abyss:3)
  A sea snake (Lair:6)
  3 unseen horrors
  3 wizards (D:13)
  2 harpies (Lair:6)
  A necromancer (D:13)
  9 orc knights
  5 orc sorcerers
  2 ugly things
  Maurice (D:11)
  A manticore (D:12)
  10 elephants
  5 black mambas (Lair:4)
  Joseph (D:10)
  17 spiny frogs
  A hellion (Abyss:3)
  4 rime drakes
  14 komodo dragons
  A tengu conjurer (D:13)
  An ancient zyme (Abyss:3)
  5 trolls
  4 polar bears (Lair:6)
  A wind drake (Lair:6)
  2 large abominations (Abyss:3)
  4 hornets
  20 blink frogs
  7 dream sheep (Lair:6)
  6 slime creatures
  9 hippogriffs
  A raiju (Abyss:3)
  A shadow (D:13)
  2 wyverns
  3 hogs (D:7)
  44 yaks
  3 hungry ghosts
  2 basilisks
  2 fire elementals (D:13)
  2 steam dragons
  20 humans
  5 wargs
  3 soldier ants
  17 water moccasins
  5 nagas (Lair:4)
  An acid dragon (D:13)
  Duvessa (D:4)
  7 porcupines
  2 hell hounds (D:13)
  2 small abominations (Abyss:3)
  An ice beast (D:8)
  40 orc warriors
  A black bear (D:7)
  5 sky beasts
  2 eyes of draining (D:5)
  12 wolves
  2 phantoms
  15 ogres
  3 centaurs
  13 crocodiles
  7 big kobolds
  3 gnoll sergeants (D:12)
  17 bullfrogs
  Dowan (D:4)
  2 scorpions
  A water moccasin skeleton (D:10)
  18 killer bees
  8 howler monkeys
  5 wights (D:6)
  3 crimson imps
  A quasit (D:8)
  A bullfrog zombie (D:13)
  7 starcursed masses (Abyss:3)
  8 jellies
  7 hounds
  A centaur zombie (D:11)
  10 orc priests
  5 centaur skeletons
  An iron imp (Abyss:3)
  3 bullfrog skeletons
  Crazy Yiuf (D:2)
  2 iguanas
  17 orc wizards
  9 worker ants
  A killer bee zombie (D:8)
  12 mummies (Ossuary)
  11 gnolls
  9 adders
  4 shadow imps
  3 oozes (Lair:5)
  An adder zombie (D:5)
  3 worms
  3 dart slugs (D:1)
  4 leopard geckos
  74 orcs
  5 bats
  3 giant cockroaches
  8 hobgoblins
  10 jackals
  A quokka (D:12)
  2 ball pythons
  3 frilled lizards
  3 gnoll skeletons (Ossuary)
  8 goblins
  A goblin skeleton (Ossuary)
  A jackal skeleton (D:4)
  20 kobolds
  A kobold skeleton (Ossuary)
  3 orc skeletons (Ossuary)
  A rat (D:1)
  11 rat skeletons (Ossuary)
728 creatures vanquished.

Vanquished Creatures (others)
  An orange demon (Abyss:3)
  A quasit (Abyss:3)
  An orc (D:9)
  15 fungi
  9 plants
27 creatures vanquished.

Grand Total: 755 creatures vanquished

Notes
Turn   | Place    | Note
-------+----------+-------------------------------------------
     0 | D:1      | HoaS the Gargoyle Berserker began the quest for the Orb.
     0 | D:1      | Reached XP level 1. HP: 14/14 MP: 1/1
    72 | D:1      | Reached XP level 2. HP: 17/19 MP: 2/2
   437 | D:2      | Reached XP level 3. HP: 21/24 MP: 3/3
   564 | D:2      | Reached ** piety under Trog
   572 | D:2      | Reached skill level 4 in Fighting
   789 | D:2      | Found a runed door.
  1045 | D:2      | Noticed Crazy Yiuf
  1049 | D:2      | Killed Crazy Yiuf
  1049 | D:2      | Reached XP level 4. HP: 29/29 MP: 4/4
  1327 | D:3      | Reached XP level 5. HP: 34/34 MP: 5/5
  1740 | D:3      | Found a hide-covered altar of Uskayaw.
  1775 | D:3      | Reached skill level 5 in Fighting
  2228 | D:4      | Found Cohetiq's Antique Armour Emporium.
  2246 | D:4      | Reached XP level 6. HP: 34/40 MP: 6/6
  2520 | D:4      | Found a bloodstained altar of Trog.
  2620 | D:4      | Reached skill level 5 in Unarmed Combat
  2701 | D:4      | Reached *** piety under Trog
  2948 | D:5      | Entered Level 5 of the Dungeon
  2948 | D:5      | Noticed a sky beast
  2954 | D:5      | Noticed Duvessa
  2961 | D:4      | Killed a sky beast
  2961 | D:4      | Reached skill level 6 in Fighting
  2961 | D:4      | Reached XP level 7. HP: 46/46 MP: 7/7
  3024 | D:5      | Noticed Dowan
  3099 | D:4      | Killed Duvessa
  3334 | D:4      | Killed Dowan
  3522 | D:5      | Reached XP level 8. HP: 49/52 MP: 8/8
  3544 | D:5      | Found a sand-covered staircase.
  3559 | D:5      | Reached skill level 7 in Fighting
  3577 | Ossuary  | Entered an ossuary
  3736 | Ossuary  | Reached **** piety under Trog
  3760 | Ossuary  | Reached skill level 5 in Armour
  4087 | D:4      | Bought an encrusted chain mail for 247 gold pieces
  4097 | D:4      | Identified the cursed +1 chain mail of the Last Continents
                  | {MR+ Str+8 Int+8 Dex-4} (You bought it in a shop on level 4
                  | of the Dungeon)
  4254 | D:5      | Found a bloodstained altar of Trog.
  4421 | D:6      | Reached skill level 8 in Fighting
  4613 | D:6      | Found a staircase to the Ecumenical Temple.
  4752 | D:6      | Reached XP level 9. HP: 60/60 MP: 9/9
  5033 | D:7      | Reached skill level 9 in Fighting
  5690 | D:8      | Noticed a hornet
  5723 | D:7      | Killed a hornet
  5723 | D:7      | Reached skill level 10 in Fighting
  5723 | D:7      | Reached XP level 10. HP: 21/68 MP: 10/10
  6028 | D:8      | Found a runed door.
  6106 | D:8      | Found a runed door.
  6474 | D:8      | Found an ornate altar of the Wu Jian Council.
  6507 | D:8      | Received a gift from Trog
  6965 | D:8      | Reached skill level 10 in Unarmed Combat
  7288 | D:9      | Reached skill level 11 in Fighting
  7431 | D:10     | Entered Level 10 of the Dungeon
  7481 | D:9      | Reached skill level 1 in Bows
  8013 | D:9      | Reached XP level 11. HP: 54/74 MP: 11/11
  8927 | D:10     | Reached ***** piety under Trog
  8954 | D:10     | Noticed Joseph
  8972 | D:10     | Killed Joseph
  9136 | D:10     | Noticed Fannar
  9154 | D:10     | Killed Fannar
  9154 | D:10     | Reached skill level 12 in Fighting
  9418 | D:11     | Noticed Maurice
  9423 | D:11     | Killed Maurice
  9441 | D:11     | Found a staircase to the Lair.
  9443 | D:11     | Noticed a purple ugly thing
  9511 | D:10     | Killed a purple ugly thing
  9784 | D:11     | Noticed Erica
  9795 | D:11     | Killed Erica
 10195 | D:11     | Reached XP level 12. HP: 42/82 MP: 12/12
 10466 | D:11     | Noticed a two-headed ogre
 10473 | D:11     | Killed a two-headed ogre
 10661 | D:11     | Found Voipruqyg's Magic Scroll Boutique.
 10664 | D:11     | Bought a scroll of identify for 22 gold pieces
 10664 | D:11     | Bought a scroll of teleportation for 33 gold pieces
 10664 | D:11     | Bought a scroll of teleportation for 33 gold pieces
 10664 | D:11     | Bought a scroll of identify for 22 gold pieces
 10664 | D:11     | Bought a scroll of teleportation for 33 gold pieces
 10666 | D:11     | Reached skill level 13 in Fighting
 10666 | D:11     | Reached skill level 5 in Bows
 10666 | D:11     | Reached skill level 10 in Armour
 10666 | D:11     | Reached XP level 13. HP: 89/89 MP: 13/13
 11783 | D:11     | Reached skill level 14 in Fighting
 11867 | D:12     | Found a staircase to the Orcish Mines.
 12054 | Lair:1   | Entered Level 1 of the Lair of Beasts
 13045 | Lair:2   | Received a gift from Trog
 13055 | Lair:2   | Found a labyrinth entrance.
 13859 | Lair:3   | Noticed Urug
 13895 | Lair:3   | Killed Urug
 14022 | Lair:3   | Found a staircase to the Swamp.
 14186 | Lair:3   | Noticed Sonja
 14379 | Lair:3   | Killed Sonja
 14695 | Lair:4   | Gained mutation: Your large and strong wings let you fly
                  | indefinitely. [Gargoyle growth]
 14695 | Lair:4   | Reached XP level 14. HP: 94/96 MP: 14/14
 14783 | Lair:4   | Reached skill level 15 in Fighting
 15833 | Lair:4   | Found a staircase to the Snake Pit.
 16158 | Lair:5   | Received a gift from Trog
 16190 | Lair:5   | Found a staircase to the Slime Pits.
 16290 | Lair:5   | Reached ****** piety under Trog
 16417 | Lair:5   | Noticed a dire elephant
 16429 | Lair:5   | Killed a dire elephant
 16429 | Lair:5   | Received a gift from Trog
 16849 | Lair:5   | Identified the Grimoire of the Modern Beggars
 17202 | Lair:5   | Noticed a dire elephant
 17216 | Lair:5   | Killed a dire elephant
 17279 | Lair:6   | Entered Level 6 of the Lair of Beasts
 17460 | Lair:6   | Got a faintly humming scale mail
 17466 | Lair:6   | Identified the +4 scale mail of Inest {rN+++ Int+5 Dex-5}
                  | (You found it on level 6 of the Lair of Beasts)
 17734 | Lair:6   | Reached skill level 15 in Unarmed Combat
 17743 | Lair:6   | Received a gift from Trog
 17917 | Lair:6   | Reached skill level 10 in Bows
 18185 | Lair:6   | Received a gift from Trog
 18292 | Lair:6   | Reached XP level 15. HP: 87/103 MP: 15/15
 19159 | Orc:1    | Entered Level 1 of the Orcish Mines
 19457 | D:12     | Gained mutation: You are dopey. (Int -2) [a neqoxec]
 19494 | Orc:1    | Paralysed by an orc sorcerer for 4 turns
 19708 | Orc:2    | Entered Level 2 of the Orcish Mines
 19959 | Orc:2    | Received a gift from Trog
 20101 | Orc:2    | Found Icoasheu's General Store.
 20121 | Orc:2    | Bought a scroll of enchant armour for 112 gold pieces
 20121 | Orc:2    | Bought a scroll of identify for 30 gold pieces
 20121 | Orc:2    | Bought a scroll of magic mapping for 52 gold pieces
 20121 | Orc:2    | Bought a scroll of identify for 30 gold pieces
 20135 | Orc:2    | Found a shimmering altar of Xom.
 20407 | Orc:2    | Found a staircase to the Elven Halls.
 20520 | Orc:2    | Noticed an orc warlord
 20535 | Orc:2    | Killed an orc warlord
 20546 | Orc:2    | Found Pecworeh's Antique Weapon Shoppe.
 20700 | Orc:2    | Found Toaxoada's Jewellery Emporium.
 20854 | Orc:2    | Found Killuf's Antique Armour Emporium.
 21200 | Orc:1    | Received a gift from Trog
 21536 | D:13     | Found a flagged portal.
 21561 | Bailey   | Entered a bailey
 21841 | Orc:2    | Bought a crystal plate armour for 2240 gold pieces
 21948 | D:13     | Received a gift from Trog
 22243 | D:13     | Found a gate to the Vaults.
 22429 | D:13     | Noticed Azrael
 22441 | D:13     | Reached XP level 16. HP: 67/110 MP: 5/16
 22450 | D:13     | Killed Azrael
 22889 | D:14     | Noticed Louise
 22900 | D:14     | Cast into level 3 of the Abyss (Louise)
 22981 | Abyss:3  | Received a gift from Trog
 22982 | Abyss:3  | Got a transparent quarterstaff {god gift}
 23011 | Abyss:3  | Reached skill level 16 in Fighting
 23092 | Abyss:3  | HP: 1/77 [starcursed mass/accursed screaming (7)]
 23097 | Abyss:3  | Gained mutation: You are weak. (Str -2) [a neqoxec]
 23099 | Abyss:3  | Killed from afar by a starcursed mass

Skill      XL: |  1  2  3  4  5  6  7  8  9 10 11 12 13 14 15 16 |
---------------+-------------------------------------------------+-----
Fighting       | 4 5 6 8 10 11 12 13 14 15 16 | 16.1
Unarmed Combat | 4 5 6 7 9 10 11 12 13 15 | 15.9
Armour         | 3 4 5 7 8 9 10 11 12 | 12.7
Bows           | 2 4 5 7 11 13 | 13.3
Dodging        | |  1.5

Action                   |  1- 3 |  4- 6 |  7- 9 | 10-12 | 13-15 | 16-18 || total
-------------------------+-------+-------+-------+-------+-------+-------++-------
Melee: Unarmed           |   111 |   202 |   481 |   557 |  1363 |   137 ||  2851
       Punch             |       |     2 |    16 |    15 |    83 |     3 ||   119
       Longbow           |       |       |       |       |     1 |       ||     1
 Fire: Longbow           |       |       |       |    61 |   462 |    12 ||   535
Throw: Javelin           |       |     1 |       |     2 |       |       ||     3
Invok: Berserk           |     1 |     3 |     5 |     5 |     8 |       ||    22
       Trog's Hand       |       |     2 |     4 |     3 |     7 |     1 ||    17
 Abil: Fly               |       |       |       |       |     1 |       ||     1
  Use: Scroll            |     2 |     4 |    10 |    16 |    23 |       ||    55
       Potion            |       |       |       |     1 |     4 |     2 ||     7
 Stab: Sleeping          |     1 |       |       |       |       |       ||     1
  Eat: Chunk             |     1 |     9 |    12 |    24 |    44 |     1 ||    91
       Ration            |       |       |     1 |       |     2 |     1 ||     4
Armor: Animal skin       |    16 |       |       |       |       |       ||    16
       Leather armour    |    30 |    42 |       |       |       |       ||    72
       Ring mail         |       |    37 |    93 |       |       |       ||   130
       Chain mail        |       |       |   141 |   305 |       |       ||   446
       Plate armour      |       |       |       |       |   960 |       ||   960
       Crystal plate arm |       |       |       |       |   168 |   144 ||   312
Dodge: Dodged            |    61 |   112 |   192 |   219 |   471 |    30 ||  1085
       Deflected         |       |       |       |    11 |    26 |     1 ||    38
Block: Other             |       |    11 |    36 |    74 |   146 |    17 ||   284
       Reflection        |       |       |       |     5 |     7 |       ||    12
